 Dungeon Sprint DCSS version 0.27-a0-34-gc18c9092ac (webtiles) character file.

Game seed: 7791329967165399638

28 reriks the Skirmisher (level 3, -1/36 HPs)
             Began as a Gargoyle Berserker on Jan 4, 2021.
             Was a Believer of Trog.
             Slain by a water elemental (15 damage)
             ... in the Dungeon (Sprint III: "The Ten Rune Challenge").
             The game lasted 00:00:44 (386 turns).

reriks the Skirmisher (Gargoyle Berserker)           Turns: 386, Time: 00:00:44

Health: -1/36      AC:  5    Str: 21    XL:     3   Next: 14%
Magic:  3/3        EV: 12    Int:  7    God:    Trog [**....]
Gold:   0          SH:  0    Dex:  9    Spells: 2/2 levels left

rFire    . . .     SeeInvis .   a - +0 mace
rCold    . . .     Faith    .   (no shield)
rNeg     + . .     Spirit   .   b - +0 animal skin
rPois    ∞         Reflect  .   (no helmet)
rElec    +         Harm     .   (no cloak)
rCorr    .         Rampage  .   (no gloves)
Will     .....     NoTele   +   (no boots)
Stlth    ..........             (no amulet)
HPRegen  0.12/turn              (no ring)
MPRegen  0.08/turn              (no ring)

@: berserking, engulfed, very quick
A: negative energy resistance 1, electricity resistance, unbreathing,
petrification resistance, miasma immunity, AC +3
a: Renounce Religion, Berserk, Trog's Hand


You were in the Dungeon.
You worshipped Trog.
Trog was pleased with you.
You visited 1 branch

Inventory:

Hand Weapons
 a - a +0 mace (weapon)
Armour
 b - a +0 animal skin (worn)
Scrolls
 h - a scroll of blinking
Potions
 c - a potion of curing
 d - a potion of heal wounds
 e - a potion of haste
 f - 2 potions of magic
 g - a potion of berserk rage


   Skills:
 + Level 4.6 Fighting
 + Level 4.2 Maces & Flails
 + Level 3.8 Armour
 + Level 2.9 Dodging


You had 2 spell levels left.
You didn't know any spells.
Your spell library was empty.

Dungeon Overview and Level Annotations

Branches:
Dungeon (1/1)

Altars:


Innate Abilities, Weirdness & Mutations

You are resistant to torment.
Your stone body is resilient. (AC +3)
You are immune to poison.
You resist negative energy. (rN+)
You are resistant to electric shocks. (rElec)
You can survive without breathing.
You are immune to petrification.
You are immune to miasma.


Message History

A water elemental is nearby!
A red film seems to cover your vision as you go berserk!
You feel yourself moving faster!
You feel mighty! The water elemental hits you!
The water elemental engulfs you in water!
You barely miss the water elemental. The water elemental hits you!
You thump the water elemental!
The water elemental is heavily damaged.
The water elemental misses you.
You barely miss the water elemental.
The water elemental is heavily damaged.
The water elemental barely misses you.
You barely miss the water elemental.
The water elemental is heavily damaged.
The water elemental misses you.
You sock the water elemental!
The water elemental is almost destroyed.
You barely miss the water elemental.
The water elemental is almost destroyed.
The water elemental hits you!
You die...

▓▓ ▓▓▓ .# ♣.# .#
#....♣.♣ ♣.# '####......
♣♣.#
....#....≈♣♣♣♣..###+#+##
....#...≈≈..♣♣♣.#E......
...)#..≈≈≈≈♣♣.♣.@.⌠.....
###+#..≈≈≈≈≈≈♣..#...####
....#.≈≈≈≈≈≈....#.⌠.#
....#.≈≈≈≈≈.....#...#
....#.≈≈≈.......#+###
#####...........#
...÷............#
▓▓▓▓▓▓▓▓▓▓▓▓▓▓▓▓▓


You could see a water elemental.

Vanquished Creatures
  A human (D)
  An ooze (D)
  A phantom (D)
  3 rats (D)
6 creatures vanquished.

Notes
Turn   | Place    | Note
-------+----------+-------------------------------------------
     0 | D        | reriks the Gargoyle Berserker began the quest for the Orb.
     0 | D        | Reached XP level 1. HP: 14/14 MP: 1/1
   121 | D        | Reached ** piety under Trog
   123 | D        | Reached XP level 2. HP: 19/20 MP: 2/2
   157 | D        | Reached XP level 3. HP: 20/24 MP: 3/3
   378 | D        | Noticed a water elemental
   386 | D        | Slain by a water elemental

Illustrated notes

Levels and vault maps discovered:
D:        dungeon_sprint_mu [sprint_mu_entry_forest, sprint_mu_temple_rooms,
          sprint_mu_d1_spiders, sprint_mu_d2_genie, sprint_mu_d3_branching,
          sprint_mu_orc_legion, sprint_mu_elf_gauntlet, sprint_mu_hive_nellie,
          sprint_mu_lair_fedhas, sprint_mu_vaults_butterflies,
          sprint_mu_slime_circle, sprint_mu_swamp_cave, sprint_mu_shoals_kraken,
          sprint_mu_blade_basic, sprint_mu_crypt_chambers,
          sprint_mu_tomb_spiral, sprint_mu_vestibule_basic,
          sprint_mu_gehenna_hellfire, sprint_mu_dis_giant,
          sprint_mu_tartarus_statrot, sprint_mu_cocytus_islands, sprint_mu_zot1]

Skill      XL: |  1  2 |
---------------+-------+-----
Dodging        | 2 |  2.9
Armour         | 3 |  3.8
Fighting       | 4 |  4.6
Maces & Flails | 4 |  4.2

Action                   || total
-------------------------++-------
Melee: Mace              ||    31
Invok: Berserk           ||     3
 Stab: Sleeping          ||     1
Armor: Animal skin       ||     6
Dodge: Dodged            ||    20

Table legend: (Time is in decaauts)
 A = Elapsed time spent in this place.
 B = Non-inter-level travel time spent in this place.
 C = Inter-level travel time spent in this place.
 D = Time resting spent in this place.
 E = Time spent auto-exploring this place.
 F = Levels seen in this place.
 G = Mean time per level.
                   A        B        C        D        E       F      G
               +--------+--------+--------+--------+--------+-----+--------+
         Total |    402 |    402 |      0 |    286 |     45 |   1 |  402.0 |
       Dungeon |    402 |    402 |      0 |    286 |     45 |   1 |  402.0 |
               +--------+--------+--------+--------+--------+-----+--------+

Top non-repeatable levels by time:
       D: 402 daAuts
